 Dungeon Crawl Stone Soup version 0.19.0 (webtiles) character file.

609 Ladykiller69 the Shield-Bearer (level 7, -2/54 HPs)
             Began as a Formicid Fighter on Nov 1, 2016.
             Was an Initiate of Cheibriados.
             Slain by an orc warrior
             ... wielding a +0 dire flail of draining
              (13 damage)
             ... on level 7 of the Dungeon.
             The game lasted 00:09:23 (4346 turns).

Ladykiller69 the Shield-Bearer (Formicid Fighter)   Turns: 4346, Time: 00:09:24

Health: -2/54      AC:  8    Str: 23    XL:     7   Next: 71%
Magic:  7/7        EV:  8    Int:  9    God:    Cheibriados [......]
Gold:   226        SH: 10    Dex: 11    Spells: 0 memorised, 6 levels left

rFire  . . .     SeeInvis +     a - +0 long sword
rCold  . . .     Gourm    .     b - +0 scale mail
rNeg   . . .     Faith    .     c - +0 shield
rPois  .         Spirit   .     (helmet unavailable)
rElec  .         Reflect  .     (no cloak)
rCorr  .         Harm     .     v - +0 pair of gloves
MR     .....                    (no boots)
Stlth  ..........               (no amulet)
                                (no ring)
                                (no ring)

@: drained, very slow
A: permanent stasis, dig shafts and tunnels, four strong arms, antennae 3
a: Dig, Shaft Self, Bend Time, Renounce Religion


You were on level 7 of the Dungeon.
You worshipped Cheibriados.
Cheibriados was noncommittal.
You were very hungry.

You visited 2 branches of the dungeon, and saw 8 of its levels.

You collected 226 gold pieces.

Inventory:

Hand Weapons
 a - a +0 long sword (weapon)
 y - the +4 war axe of the Tooth {flame, MR+ Int+4, unknown}
   (You found it on level 5 of the Dungeon)

   It has been specially enchanted to burn those struck by it, causing extra
   injury to most foes and up to half again as much damage against particularly
   susceptible opponents.
   Big, fiery blades are also staple armaments of hydra-hunters.
   It affects your intelligence (+4).
   It affects your resistance to hostile enchantments.
Missiles
 j - 46 stones (quivered)
 n - a tomahawk
Armour
 b - a +0 scale mail (worn)
 c - a +0 shield (worn)
 v - a +0 pair of gloves (worn)
Jewellery
 u - an uncursed ring of poison resistance {unknown}
Wands
 A - a wand of slowing (30/48)
Scrolls
 e - 2 scrolls of magic mapping {unknown}
 h - 7 scrolls of identify {unknown}
 i - 2 scrolls of recharging {unknown}
 k - a scroll of noise {unknown}
 m - a scroll of random uselessness {unknown}
 o - a scroll of teleportation {unknown}
 r - 2 scrolls of fear {unknown}
 s - 3 scrolls of remove curse {unknown}
 z - a scroll of blinking {unknown}
Potions
 d - a potion of might
 l - 4 potions of brilliance {unknown}
 p - a potion of lignification {unknown}
 q - a potion of flight {unknown}
 t - a potion of ambrosia {unknown}
 w - a potion of heal wounds {unknown}
 x - 2 potions of curing {unknown}
Comestibles
 f - 5 bread rations
 g - 3 fruits
 B - a beef jerky


   Skills:
 - Level 4.0(3.3) Fighting
 + Level 5.9(5.3) Long Blades
 - Level 4.0(3.3) Armour
 + Level 6.4(5.8) Shields


You had 6 spell levels left.
You didn't know any spells.

Dungeon Overview and Level Annotations

Branches:
Dungeon (5/15)             Temple (1/1) D:5

Altars:
Ashenzari
Cheibriados
Dithmenos
Elyvilon
Fedhas
Kikubaaqudgha
Nemelex Xobeh
Qazlal
Ru
Sif Muna
Trog
Vehumet
Xom
Yredelemnul
Zin


Innate Abilities, Weirdness & Mutations

You are under a permanent stasis effect.
You can dig through walls and to a lower floor.
Your four strong arms can wield two-handed weapons with a shield.
You have a pair of large antennae on your head. (SInv)


Message History

The black bear barely misses you.
You riposte.
You hit the black bear.
You kill the black bear!
Cheibriados thoroughly appreciates the change of pace.
You start resting.
You completely miss the orc warrior.
The orc warrior hits you but does no damage.
You feel drained.
You hit the orc warrior.
The orc warrior is lightly wounded.
The orc warrior barely misses you.
You barely miss the orc warrior.
The orc warrior is lightly wounded.
The orc warrior hits you with a dire flail of draining!
* * * LOW HITPOINT WARNING * * *
You feel drained.
* * * LOW HITPOINT WARNING * * *
Are you sure you want to shaft yourself?
You are feeling very hungry.
The orc warrior hits you with a dire flail of draining!
You die...

## ## ### #..#.#
##.# # ### ...#
##.#### W. ##@# ##.#
##.###.. .{{.
#o####..####.## #.#
oo...###{##....#..##
##.
.o.....{##........#
#.
......#..........##
##. .={..
####......## #..
....
##......######.. ...
##........#.... ..
#...#.........


You could see an orc warrior.

Vanquished Creatures
  A black bear (D:7)
  An ogre (D:7)
  A howler monkey (Temple)
  A hound (D:5)
  A centaur skeleton (D:5)
  An orc priest (D:4)
  4 orc wizards
  2 worker ants
  6 adders
  2 worms (D:2)
  A dart slug (D:2)
  3 leopard geckos
  15 orcs
  4 bats
  2 giant cockroaches
  4 goblins (D:1)
  9 hobgoblins
  2 jackals (D:5)
  6 quokkas
  4 ball pythons
  2 frilled lizards (D:1)
  8 kobolds
  A quokka zombie (D:5)
  4 rats
85 creatures vanquished.

Notes
Turn   | Place    | Note
-------+----------+-------------------------------------------
     0 | D:1      | Ladykiller69 the Formicid Fighter began the quest for the Orb.
     0 | D:1      | Reached XP level 1. HP: 18/18 MP: 1/1
   264 | D:1      | Reached XP level 2. HP: 24/24 MP: 2/2
   778 | D:2      | Reached XP level 3. HP: 29/29 MP: 3/3
   856 | D:2      | Reached skill level 4 in Shields
  1413 | D:2      | Reached XP level 4. HP: 27/37 MP: 4/4
  1475 | D:2      | Found a shattered altar of Ashenzari.
  1480 | D:2      | Saw a vision of the Swamp and the Spider Nest.
  1480 | D:2      | Noticed an alligator
  1480 | D:2      | Noticed an alligator
  1480 | D:2      | Noticed an alligator
  1480 | D:2      | Noticed an alligator
  1480 | D:2      | Noticed a hornet
  1480 | D:2      | Noticed a wolf spider
  1481 | D:2      | Noticed a redback
  1482 | D:2      | Noticed a redback
  1486 | D:2      | Noticed a swamp drake
  2202 | D:3      | Reached XP level 5. HP: 42/42 MP: 5/5
  3058 | D:4      | Reached XP level 6. HP: 27/48 MP: 6/6
  3181 | D:5      | Entered Level 5 of the Dungeon
  3183 | D:5      | Got a translucent war axe
  3197 | D:5      | Reached skill level 5 in Shields
  3352 | D:5      | Noticed an ogre
  3686 | D:5      | Found a staircase to the Ecumenical Temple.
  3696 | Temple   | Entered the Ecumenical Temple
  3703 | Temple   | Became a worshipper of Cheibriados the Contemplative
  3709 | Temple   | Reached skill level 5 in Long Blades
  3725 | D:5      | Reached XP level 7. HP: 50/54 MP: 7/7
  3737 | D:5      | You fall through a shaft!
  3745 | D:6      | You fall through a shaft!
  4202 | D:7      | Reached skill level 6 in Shields
  4346 | D:7      | Slain by an orc warrior

Skill      XL: |  1  2  3  4  5  6  7 |
---------------+----------------------+-----
Shields        | 4 5 6 |  6.4
Fighting       | 4 |  4.0
Long Blades    | 3 4 5 |  5.9
Armour         | 4 |  4.0

Action                   |  1- 3 |  4- 6 |  7- 9 || total
-------------------------+-------+-------+-------++-------
Melee: Long sword        |   106 |   214 |    53 ||   373
Throw: Tomahawk          |       |     3 |     1 ||     4
       Stone             |       |       |     3 ||     3
 Abil: Dig               |       |     6 |     2 ||     8
       Shaft Self        |       |       |     3 ||     3
  Eat: Chunk             |     1 |     9 |     2 ||    12
       Fruit             |       |       |     1 ||     1
Armor: Scale mail        |    42 |    76 |    17 ||   135
Dodge: Dodged            |    33 |    67 |    17 ||   117
Block: Shield            |    53 |   127 |    29 ||   209
       Rpst.: Long sword |     8 |    22 |     4 ||    34
